 Dungeon Crawl Stone Soup version 0.31-a0-854-g362426d53f (webtiles) character file.

Game seed: 8272570211858165498

2 Kurtz the Sneak (level 1, -1/21 HPs)
             Began as a Naga Delver on Oct 8, 2023.
             Slain by an orc wizard
             ... wielding a +0 dagger
              (3 damage)
             ... on level 3 of the Dungeon.
             The game lasted 00:00:10 (25 turns).

Kurtz the Sneak (Naga Delver)                         Turns: 25, Time: 00:00:10

Health: -1/21      AC:  1    Str: 14    XL:     1   Next: 40%
Magic:  1/1        EV:  9    Int: 10    God:
Gold:   0          SH:  0    Dex: 12    Spells: 0/0 levels left

rFire   . . .        a - +0 hand axe
rCold   . . .        (no shield)
rNeg    . . .        b - +0 leather armour
rPois   +            (no helmet)
rElec   .            (no cloak)
rCorr   .            (no gloves)
SInv    +            (no barding)
Will    .....        (no amulet)
Stlth   +++          (no ring)
HPRegen 0.23/turn    (no ring)
MPRegen 0.07/turn

%: no passive effects
@: very slow
A: AC +0, large, see invisible, deformed body, poison resistance, slowness 2,
spit poison 1, naga tail 1
a: Spit Poison


You were on level 3 of the Dungeon.
You visited 1 branch of the dungeon, and saw 3 of its levels.

Inventory:

Hand Weapons
 a - a +0 hand axe (weapon)
Armour
 b - a +0 leather armour (worn)
Wands
 g - a wand of digging (3)
 h - a wand of flame (21)
Scrolls
 c - a scroll of fog
 d - a scroll of revelation
 e - a scroll of fear
Potions
 f - a potion of haste


   Skills:
 - Level 3.0 Fighting
 * Level 2.2 Axes
 - Level 1.5 Dodging
 - Level 7.2 Stealth


You couldn't memorise any spells.
You didn't know any spells.
Your spell library was empty.

Dungeon Overview and Level Annotations

Branches:
Dungeon (5/15)
 Temple: D:4-7

Altars:


Innate Abilities, Weirdness & Mutations

Your serpentine skin is tough. (AC +0)
You have supernaturally acute eyesight. (SInv)
Armour fits poorly on your strangely shaped body.
Your system is resistant to poisons. (rPois)
You cover ground very slowly.
You can spit poison.
You have a snake-like lower body.


Message History

You climb upwards.
There is a stone staircase leading down here.
Unknown command.
Okay, then.
You closely miss the orc wizard. You barely miss the kobold.
You hit the jackal.
The jackal bites you but does no damage.
The kobold hits you but does no damage.
The orc wizard gestures at you while chanting.
You resist with significant effort.
You hit the orc wizard.
The orc wizard is moderately wounded.
You hit the jackal.
You kill the jackal!
You hit the kobold.
The orc wizard hits you with a +0 dagger.
The kobold hits you with a +0 dagger.
You hit the orc wizard.
The orc wizard is heavily wounded.
You hit the kobold.
You kill the kobold!
The orc wizard hits you with a +0 dagger.
The orc wizard closely misses you.
You closely miss the orc wizard.
The orc wizard is heavily wounded.
The orc wizard barely misses you.
Unknown command.
You hit the orc wizard but do no damage.
The orc wizard is heavily wounded.
The orc wizard hits you with a +0 dagger.
* * * LOW HITPOINT WARNING * * *
You barely miss the orc wizard.
The orc wizard is heavily wounded.
The orc wizard hits you with a +0 dagger.
* * * LOW HITPOINT WARNING * * *
Unknown command.
You closely miss the orc wizard.
The orc wizard is heavily wounded.
The orc wizard hits you with a +0 dagger.
You die...

.########
........#
......†.#
.......@#
......o)#
........#
........#
.########


You could see an orc wizard.

Vanquished Creatures
  A jackal (D:3)
  A kobold (D:3)
2 creatures vanquished.

Notes
Turn   | Place    | Note
-------+----------+-------------------------------------------
     0 | D:5      | Kurtz the Naga Delver began the quest for the Orb.
     0 | D:5      | Reached XP level 1. HP: 21/21 MP: 1/1
    11 | D:4      | Noticed an orc wizard
    11 | D:4      | Noticed an orc wizard
    25 | D:3      | Slain by an orc wizard

Illustrated notes

Levels and vault maps discovered:
D:3:      layout_basic, uniq_sigmund, uniq_ijyb, uniq_grinder, uniq_jessica
D:4:      layout_basic, chei_slow_surprise
D:5:      layout_cave_pools, gammafunk_ghost_hive, minmay_misc_feat_alley

Action                     || total
---------------------------++-------
  Melee: Hand axe          ||    10
 Armour: Leather armour    ||    15
  Dodge: Dodged            ||     8

Table legend: (Time is in decaauts)
 A = Elapsed time spent in this place.
 B = Non-inter-level travel time spent in this place.
 C = Inter-level travel time spent in this place.
 D = Time resting spent in this place.
 E = Time spent auto-exploring this place.
 F = Levels seen in this place.
 G = Mean time per level.
                   A        B        C        D        E       F      G
               +--------+--------+--------+--------+--------+-----+--------+
         Total |     30 |     30 |      0 |      0 |      0 |   3 |   10.0 |
       Dungeon |     30 |     30 |      0 |      0 |      0 |   3 |   10.0 |
               +--------+--------+--------+--------+--------+-----+--------+

Top non-repeatable levels by time:
     D:5: 14 daAuts
     D:4: 8 daAuts
     D:3: 7 daAuts
